 Dungeon Crawl Stone Soup version 0.29-a0-486-ga88943ba61 (console) character file.

Game seed: 11354256045577527996

44 Faeu the Ducker (level 3, -3/21 HPs)
             Began as a Vampire Gladiator on May 26, 2022.
             Slain by an orc priest
             ... wielding a +0 morningstar
              (8 damage)
             ... on level 3 of the Dungeon.
             The game lasted 00:02:29 (1616 turns).

Faeu the Ducker (Vampire Gladiator)                 Turns: 1616, Time: 00:02:29

Health: -3/21      AC:  4    Str: 13    XL:     3   Next: 39%
Magic:  3/3        EV: 13    Int: 10    God:
Gold:   132        SH:  0    Dex: 17    Spells: 2/2 levels left

rFire   . . .      SeeInvis +   a - +0 rapier {short}
rCold   + + .      Faith    .   (no shield)
rNeg    + + +      Spirit   .   b - +0 leather armour
rPois   ∞          Reflect  .   c - +0 helmet
rElec   .          Harm     .   (no cloak)
rCorr   .          Rampage  .   (no gloves)
Will    .....                   (no boots)
Stlth   +++.......              (no amulet)
HPRegen 0.00/turn               (no ring)
MPRegen 0.08/turn               (no ring)

@: bloodless, inhibited regen
A: bloodless, fangs 3, see invisible, vampiric 2
a: Bat Form, Revivify


You were on level 3 of the Dungeon.
You visited 1 branch of the dungeon, and saw 3 of its levels.

You collected 132 gold pieces.


Innate Abilities, Weirdness & Mutations

You do not regenerate when monsters are visible.
You are frail without blood (-20% HP).
You can heal yourself when you bite living creatures.
You are immune to poison.
You have razor-sharp teeth.
You have supernaturally acute eyesight. (SInv)
You are afflicted with vampirism and can become a bat while bloodless.


   Skills:
 + Level 2.2 Fighting
 + Level 3.7 Short Blades
 + Level 2.1 Throwing
 + Level 3.7 Dodging


You had 2 spell levels left.
You didn't know any spells.
Your spell library contained the following spells:

 Spells                   Type           Power      Damage    Failure   Level
 Beastly Appendage        Tmut           0%         N/A       43%         1
 Wereblood                Tmut           0%         N/A       58%         2
 Spider Form              Tmut/Pois      0%         N/A       82%         3

Inventory:

Hand Weapons
 a - a +0 rapier (weapon) {short}
Missiles
 d - 3 throwing nets (quivered) {=f!fthrowing}
 e - a javelin {throwing}
 i - 16 stones {throwing}
Armour
 b - a +0 leather armour (worn)
 c - a +0 helmet (worn)
 g - a +0 pair of boots
   (You found it on level 1 of the Dungeon)
 h - a +0 leather armour
   (You found it on level 2 of the Dungeon)
 l - a +0 robe
   (You found it on level 2 of the Dungeon)
 p - a +0 pair of boots
   (You found it on level 2 of the Dungeon)
Magical Staves
 n - a staff of cold {!astaff}
   (You found it on level 2 of the Dungeon)
Wands
 q - a wand of iceblast (7)
   (You found it on level 2 of the Dungeon)
Scrolls
 f - a scroll of fog {unknown}
 k - 2 scrolls of teleportation {unknown}
 m - a scroll of immolation {unknown}
 r - a scroll of blinking {unknown}
 s - a scroll of fear {unknown}
 t - a scroll of noise {unknown}
Potions
 j - a potion of curing {unknown}
 o - a potion of berserk rage {unknown}
 u - a potion of heal wounds {unknown}

Dungeon Overview and Level Annotations

Branches:
Dungeon (3/15)

Altars:

Annotations:
D:2 1 runed translucent door, Crazy Yiuf

######## #......# #......#
#.....)#
#########......#############
<...........................
#########......#####...#####
############)..####
....ooo@...........
###########...##### #...#
#...# #####


You could see an orc priest and 2 orcs.


Message History

There is an open door here.
There is an open door here.
No reachable target in view!
Crazy Yiuf is nearby!
No reachable target in view!
Crazy Yiuf is nearby!
No reachable target in view!
Crazy Yiuf is nearby!
No reachable target in view!
Crazy Yiuf is nearby!
No reachable target in view!
Crazy Yiuf is nearby!
No reachable target in view!
Crazy Yiuf is nearby!
No reachable target in view!
Crazy Yiuf is nearby!
No reachable target in view!
Crazy Yiuf is nearby!
(D) Dungeon
Where to? (Enter - D:2 @ (x,y), ? - help) Crazy Yiuf is nearby!
There is an open door here.
There is an open door here.
There is a stone staircase leading down here.
Unknown command.
You climb downwards.
There is a stone staircase leading up here.
A hobgoblin comes into view.
A hobgoblin is nearby!
A hobgoblin is nearby!
The hobgoblin hits you. 😕 HP[-1]
You take 1 damage, and now have 20/21 hp.
A hobgoblin is nearby!
You barely miss the hobgoblin. The hobgoblin hits you. 😕 HP[-1]
You take 1 damage, and now have 19/21 hp.
A hobgoblin is nearby!
You hit the hobgoblin but do no damage. The hobgoblin barely misses you.
A hobgoblin is nearby!
You barely miss the hobgoblin.
The hobgoblin hits you but does no damage.
A hobgoblin is nearby!
You hit the hobgoblin.
You kill the hobgoblin!
HP restored.
An orc priest comes into view. It is wielding a +0 morningstar.
You see here a +0 shortbow {bow}.
An orc comes into view. It is wielding a +0 trident. 😎 HP[+2]
There are monsters nearby!
The orc priest shouts!
You hear a shout!
An orc comes into view. It is wielding a +0 short sword.
The orc priest looks encouraged for a moment.
There are monsters nearby!
An orc comes into view. It is wielding a +0 club.
There are monsters nearby!
There are monsters nearby!
You hit the orc priest. The orc priest misses you.
There are monsters nearby!
You hit the orc priest but do no damage.
The orc hits you but does no damage.
The orc priest hits you with a +0 morningstar! 😮 HP[-10]
You take 10 damage, and now have 11/21 hp.
MASSIVE DAMAGE!! (PAUSE)
There are monsters nearby!
You are too injured to fight recklessly!
There are monsters nearby!
You are too injured to fight recklessly!
You closely miss the orc priest. The orc priest barely misses you.
You hit the orc priest.
The orc priest hits you with a +0 morningstar!
* * * LOW HITPOINT WARNING * * *
😱 HP[-7]
You take 7 damage, and now have 4/21 hp.
MASSIVE DAMAGE!! (PAUSE)
You closely miss the orc priest. You completely miss the orc.
Your bite misses the orc. You closely miss the orc. The orc closely misses you.
You hit the orc but do no damage. The orc hits you but does no damage.
You barely miss the orc. The orc hits you with a +0 short sword.
* * * LOW HITPOINT WARNING * * *
😱 HP[-2]
You take 2 damage, and now have 2/21 hp.
You hit the orc. The orc hits you but does no damage.
You closely miss the orc. The orc hits you but does no damage.
You barely miss the orc. You bite the orc.
You draw the orc's blood!
You feel better. The orc barely misses you. 😱 HP[+3]
You regained 3 hp, and now have 5/21 hp.
You hit the orc.
You kill the orc!
You closely miss the orc priest. The orc priest barely misses you.
The orc closely misses you.
You hit the orc priest. The orc barely misses you.
The orc priest closely misses you.
You closely miss the orc priest. The orc hits you but does no damage.
The orc priest hits you with a +0 morningstar!
You die...

Skill      XL: |  1  2 |
---------------+-------+-----
Fighting       | 2 |  2.2
Throwing       | 2 |  2.1
Short Blades   | |  3.7
Dodging        | |  3.7

Action                   || total
-------------------------++-------
Melee: Rapier            ||    98
       Bite              ||     5
       Punch             ||     1
 Abil: Exsanguinate      ||     1
 Stab: Sleeping          ||     5
       Distracted        ||     1
Armor: Leather armour    ||    34
Dodge: Dodged            ||    76

Levels and vault maps discovered:
D:1:      minmay_arrival_nine_rooms, layout_rooms, basic_ecumenical_altar
D:2:      layout_loops_corners, uniq_crazy_yiuf_cottage
D:3:      layout_basic, mainiacjoe_overflow_surrounded_room,
          nicolae_yredelemnul_ghost_church, uniq_robin, uniq_grinder

Notes
Turn   | Place    | Note
-------+----------+-------------------------------------------
     0 | D:1      | Faeu the Vampire Gladiator began the quest for the Orb.
     0 | D:1      | Reached XP level 1. HP: 16/16 MP: 1/1
     0 | D:1      | magus.rc [v1.9.6]
    33 | D:1      | Found a faded altar of an unknown god.
    98 | D:1      | Reached skill level 2 in Fighting
    98 | D:1      | Reached XP level 2. HP: 17/22 MP: 2/2
   490 | D:2      | Reached skill level 2 in Throwing
   490 | D:2      | Gained mutation: You are afflicted with vampirism and can
                  | become a bat while bloodless. [Vampire growth]
   490 | D:2      | Reached XP level 3. HP: 10/21 MP: 3/3
   688 | D:2      | Found a runed translucent door.
   689 | D:2      | Noticed Crazy Yiuf
   942 | D:2      | You pick up a book of Changes and begin reading...
   942 | D:2      | You add the spells Beastly Appendage, Wereblood and Spider
                  | Form to your library.
  1604 | D:3      | HP: 4/21 [orc priest/+0 morningstar (7)]
  1609 | D:3      | HP: 2/21 [orc/+0 short sword (2)]
  1616 | D:3      | Slain by an orc priest

Vanquished Creatures
  An adder (D:2)
  A dart slug (D:1)
  An orc (D:3)
  2 ball pythons (D:2)
  3 bats
  2 endoplasms (D:1)
  2 giant cockroaches (D:2)
  2 goblins
  2 hobgoblins
  5 jackals (D:2)
  4 frilled lizards
  2 kobolds (D:2)
  2 rats (D:2)
29 creatures vanquished.

Table legend:
 A = Non-vault XP
 B = Vault XP
 C = Vault XP percentage of total XP
 D = Non-vault monster count
 E = Vault monster count
 F = Vault count percentage of total count
                 A         B        C        D         E       F
            +---------+---------+-------+---------+---------+-------
      Total |      63 |       0 |   0.0 |      29 |       0 |   0.0
            +---------+---------+-------+---------+---------+-------
        D:1 |      14 |       0 |   0.0 |       7 |       0 |   0.0
        D:2 |      44 |       0 |   0.0 |      20 |       0 |   0.0
        D:3 |       5 |       0 |   0.0 |       2 |       0 |   0.0
            +---------+---------+-------+---------+---------+-------

Illustrated notes

Table legend:
 A = Kills in this place as a percentage of kills in entire the game.
 B = Kills by you in this place as a percentage of kills by you in the entire game.
 C = Kills by friends in this place as a percentage of kills by friends in the entire game.
 D = Other kills in this place as a percentage of other kills in the entire game.
 E = Experience gained in this place as a percentage of experience gained in the entire game.
 F = Experience gained in this place divided by the number of levels of this place that you have seen.
                   A       B       C       D       E      F
               +-------+-------+-------+-------+-------+----------------------
         Total | 100.0 | 100.0 |   N/A |   N/A | 100.0 |  21.0
       Dungeon | 100.0 | 100.0 |   N/A |   N/A | 100.0 |  21.0
               +-------+-------+-------+-------+-------+----------------------

Table legend: (Time is in decaauts)
 A = Elapsed time spent in this place.
 B = Non-inter-level travel time spent in this place.
 C = Inter-level travel time spent in this place.
 D = Time resting spent in this place.
 E = Time spent auto-exploring this place.
 F = Levels seen in this place.
 G = Mean time per level.
                   A        B        C        D        E       F      G
               +--------+--------+--------+--------+--------+-----+--------+
         Total |   1617 |   1554 |     63 |      0 |   1269 |   3 |  539.0 |
       Dungeon |   1617 |   1554 |     63 |      0 |   1269 |   3 |  539.0 |
               +--------+--------+--------+--------+--------+-----+--------+

Top non-repeatable levels by time:
     D:2: 1298 daAuts
     D:1: 251 daAuts
     D:3: 66 daAuts
